 Dungeon Crawl Stone Soup version 0.24.0-124-g2791043dd8 (webtiles) character file.

Game seed: 13226618507964471913, levelgen mode: deterministic

335 Amplified the Chopper (level 6, 0/50 HPs)
             Began as a Minotaur Fire Elementalist on Feb 14, 2020.
             Was a Believer of Zin.
             Killed by nerve-wracking pain
             ... invoked by Menkaure
              (3 damage)
             ... on level 4 of the Dungeon.
             The game lasted 00:07:20 (4144 turns).

Amplified the Chopper (Minotaur Fire Elementalist)  Turns: 4144, Time: 00:07:20

Health: 0/50       AC:  2    Str: 14    XL:     6   Next: 28%
Magic:  7/7        EV: 13    Int: 12    God:    Zin [**....]
Gold:   96         SH:  0    Dex: 11    Spells: 6/7 levels left

rFire    . . .     SeeInvis +   m - +0 hand axe
rCold    . . .     Gourm    .   (no shield)
rNeg     + . .     Faith    .   a - +0 robe
rPois    .         Spirit   .   (helmet restricted)
rElec    +         Reflect  .   (no cloak)
rCorr    .         Harm     .   (no gloves)
MR       .....                  (no boots)
Stlth    ++........             (no amulet)
HPRegen  0.16/turn              b - ring of positive energy
MPRegen  0.10/turn              j - ring of see invisible (curse)

@: hasted, very quick
A: retaliatory headbutt, horns 2, electricity resistance
a: Recite, Vitalisation, Donate Gold, Renounce Religion


You were on level 4 of the Dungeon.
You worshipped Zin.
Zin was pleased with you.
You were not hungry.

You visited 1 branch of the dungeon, and saw 4 of its levels.

You collected 106 gold pieces.
You donated 10 gold pieces to Zin.

Inventory:

Hand Weapons
 m - a +0 hand axe (weapon)
Missiles
 e - 83 bolts
 g - 33 sling bullets
Armour
 a - a +0 robe (worn)
Jewellery
 b - a ring of positive energy (left hand)
 j - a cursed ring of see invisible (right hand)
Potions
 d - a potion of agility
 f - a potion of might
 h - a potion of flight
Comestibles
 c - 8 rations


   Skills:
 + Level 2.8 Fighting
 * Level 4.1 Axes
 + Level 2.8 Armour
 + Level 3.5 Dodging
 - Level 1.5 Stealth
 - Level 1.3 Spellcasting
 - Level 0.6 Conjurations
 - Level 2.1 Fire Magic
 * Level 2.3 Invocations


You had 6 spell levels left.
You knew the following spells:

 Your Spells              Type           Power        Failure   Level  Hunger
a - Flame Tongue          Conj/Fire      #....        17%         1    ##.....

Your spell library contained the following spells:

 Spells                   Type           Power        Failure   Level  Hunger
 Throw Flame              Conj/Fire      #.....       26%         2    ###....
 Conjure Flame            Conj/Fire      #.......     45%         3    ####...
 Inner Flame              Hex/Fire       #.......     50%         3    ####...
 Sticky Flame             Conj/Fire      #.......     86%         4    #####..
 Fireball                 Conj/Fire      #.........   99%         5    ######.


Dungeon Overview and Level Annotations

Branches:
Dungeon (4/15)             Temple (0/1) D:4

Altars:
Yredelemnul
Zin
The Shining One

Annotations:
D:4 Blork the orc, Menkaure


Innate Abilities, Weirdness & Mutations

You reflexively headbutt those who attack you in melee.
You have a pair of horns on your head.
You are resistant to electric shocks. (rElec)


Message History

Menkaure is smitten by the wrath of Zin.
Menkaure is heavily damaged.
You finish reciting Abominations 7:77.
Unknown command.
Unknown command.
You hit Menkaure.
Menkaure is heavily damaged.
Menkaure hits you!
Unknown command.
You hit Menkaure but do no damage.
Menkaure is heavily damaged.
Menkaure hits you!!
* * * LOW HITPOINT WARNING * * *
Unknown command.
Okay, then.
You hit Menkaure. You headbutt Menkaure.
Menkaure is severely damaged.
Menkaure gestures at you while chanting.
Pain shoots through your body!
You die...

##............# ##....#....⌠...#
##....##.......## ####
##....###..⌠.>.⌠#
#..#######....####........#
#......##....####.....⌠...#
##......#....####..........#
............####.M.........#
##........#####.@..........#
#.......## ##.............##..##
##......## #..................#.
###....## ##..............# ..#.
.#....######...............# ....
...(.####...............(..##....
...........###..............##...
.........### ##...#####...#..#...
.........# #########...##.....


You could see Menkaure.

Vanquished Creatures
  2 hounds (D:4)
  A bullfrog zombie (D:4)
  2 orc priests
  An iguana (D:4)
  A worker ant (D:4)
  3 adders
  An ooze (D:4)
  An adder skeleton (D:4)
  3 worms
  A dart slug (D:1)
  4 leopard geckos
  5 orcs
  9 bats
  4 giant cockroaches
  2 gnoll zombies (D:4)
  11 goblins
  12 hobgoblins
  9 kobolds
  A quokka (D:3)
  3 frilled lizards
  12 rats
88 creatures vanquished.

Notes
Turn   | Place    | Note
-------+----------+-------------------------------------------
     0 | D:1      | Amplified the Minotaur Fire Elementalist began the quest
                  | for the Orb.
     0 | D:1      | Reached XP level 1. HP: 14/14 MP: 1/1
     6 | D:1      | Noticed a swamp worm
     6 | D:1      | Noticed an iguana
     6 | D:1      | Noticed a polar bear
     6 | D:1      | Noticed a salamander
     6 | D:1      | Noticed a five-headed hydra
   150 | D:1      | Reached skill level 1 in Axes
   500 | D:1      | Reached XP level 2. HP: 22/22 MP: 3/3
   697 | D:1      | Reached skill level 1 in Fighting
   697 | D:1      | Reached skill level 1 in Armour
   865 | D:1      | Reached XP level 3. HP: 14/28 MP: 4/4
  1170 | D:1      | Reached skill level 2 in Axes
  2029 | D:2      | Reached XP level 4. HP: 30/36 MP: 3/5
  2042 | D:2      | Found a faded altar of an unknown god.
  2052 | D:2      | Became a worshipper of Zin the Law-Giver
  2052 | D:2      | Reached * piety under Zin
  2491 | D:3      | Reached ** piety under Zin
  2665 | D:3      | Reached skill level 3 in Axes
  2666 | D:3      | Gained mutation: You are resistant to electric shocks.
                  | (rElec) [potion of mutation]
  2867 | D:4      | Reached skill level 1 in Invocations
  2921 | D:4      | Found a staircase to the Ecumenical Temple.
  2957 | D:4      | Found a glowing golden altar of the Shining One.
  2964 | D:4      | Reached XP level 5. HP: 32/41 MP: 6/6
  3243 | D:4      | Found a basalt altar of Yredelemnul.
  3313 | D:4      | Reached XP level 6. HP: 13/50 MP: 7/7
  3588 | D:4      | Reached skill level 4 in Axes
  3870 | D:4      | Noticed Blork the orc
  3875 | D:4      | Noticed Menkaure
  4144 | D:4      | Killed from afar by Menkaure

Levels and vault maps discovered:
D:1:      onia_arrival_zoo_common, layout_loops_ring, minmay_statues_item
D:2:      layout_loops_ring, chequers_ecumenical_altar_simple
D:3:      minmay_thinvault, layout_rooms, lemuel_coloured_pillars_altar,
          first_ration, uniq_crazy_yiuf_cottage
D:4:      layout_cave_pods, lemuel_zombie_altar_yredelemnul,
          nicolae_tso_swordbearing_angel, temple_fountains,
          hangedman_decor_lopped, uniq_blork_the_orc, uniq_menkaure

Skill      XL: |  1  2  3  4  5  6 |
---------------+-------------------+-----
Axes           | 1 2 3 4 |  4.1
Fighting       | 1 2 |  2.8
Armour         | 1 2 |  2.8
Dodging        | 3 |  3.5
Invocations    | 1 2 |  2.3
Stealth        | |  1.5
Spellcasting   | |  1.3
Conjurations   | |  0.6
Fire Magic     | |  2.1

Action                   |  1- 3 |  4- 6 || total
-------------------------+-------+-------++-------
Melee: Hand axe          |   107 |   113 ||   220
       Headbutt          |     9 |    14 ||    23
 Cast: Flame Tongue      |    12 |     3 ||    15
Invok: Recite            |       |     9 ||     9
Evoke: Wand              |       |     5 ||     5
  Use: Scroll            |     4 |     5 ||     9
       Potion            |     1 |     7 ||     8
 Stab: Sleeping          |     2 |     2 ||     4
       Distracted        |       |     1 ||     1
  Eat: Chunk             |     4 |     2 ||     6
       Ration            |       |     2 ||     2
Armor: Robe              |    25 |    15 ||    40
       Skin              |    15 |       ||    15
Dodge: Dodged            |    71 |    98 ||   169
